 Dungeon Crawl Stone Soup version 0.30.0-10-gfe55d96785 (webtiles) character file.

Game seed: 5123810203587542800

61 GigaChad the Firebug (level 4, -1/21 HPs)
             Began as a Vine Stalker Fire Elementalist on May 15, 2023.
             Was a Follower of Kikubaaqudgha.
             Slain by a sky beast (5 damage)
             ... on level 3 of the Dungeon.
             The game lasted 00:07:31 (2194 turns).

GigaChad the Firebug (VSFE)                         Turns: 2194, Time: 00:07:32

Health: -1/21      AC:  2    Str: 11    XL:     4   Next: 7%
Magic:  0/9        EV: 12    Int: 17    God:    Kikubaaqudgha [*.....]
Gold:   76         SH:  0    Dex: 14    Spells: 7/8 levels left

rFire   . . .        e - +0 falchion
rCold   . . .        (no shield)
rNeg    . . .        a - +0 robe
rPois   +            (no helmet)
rElec   .            (no cloak)
rCorr   .            (no gloves)
SInv    .            (no boots)
Will    .....        (no amulet)
Stlth   ++           j - ring of poison resistance
HPRegen 1.03/turn    (no ring)
MPRegen 0.11/turn

%: guardian spirit
@: no status effects
A: fangs 2, regeneration 1, magic shield, antimagic bite, no potion heal 2
a: Renounce Religion, Unearth Wretches


You were on level 3 of the Dungeon.
You worshipped Kikubaaqudgha.
Kikubaaqudgha was aware of your devotion.
You visited 1 branch of the dungeon, and saw 3 of its levels.

You collected 76 gold pieces.

Inventory:

Hand Weapons
 e - a +0 falchion (weapon)
Armour
 a - a +0 robe (worn)
Jewellery
 j - a ring of poison resistance (left hand)
Scrolls
 d - 3 scrolls of blinking
 g - 2 scrolls of immolation
 h - a scroll of magic mapping {unknown}
 i - a scroll of poison {unknown}
Potions
 b - a potion of magic
 c - 2 potions of curing {unknown}
 f - a potion of flight {unknown}
 k - a potion of degeneration {unknown}
 l - a potion of resistance {unknown}
 m - a potion of attraction {unknown}


   Skills:
 * Level 0.5 Fighting
 + Level 0.4 Long Blades
 * Level 0.6 Armour
 * Level 1.8 Dodging
 - Level 2.5 Stealth
 * Level 2.6 Spellcasting
 - Level 1.0 Conjurations
 * Level 3.8 Fire Magic


You had 7 spell levels left.
You knew the following spells:

 Your Spells              Type           Power      Damage    Failure   Level
a - Foxfire               Conj/Fire      40%        2x1d6     7%          1

Your spell library contained the following spells:

 Spells                   Type           Power      Damage    Failure   Level
 Scorch                   Fire           30%        2d6       5%          2
 Necrotise                Necr           8%         1d4       19%         1
 Summon Small Mammal      Summ           8%         N/A       19%         1
 Inner Flame              Hex/Fire       8%         N/A       24%         3
 Volatile Blastmotes      Fire/Tloc      16%        2d11      24%         3
 Cigotuvi's Dreadful Rot  Necr/Pois/Air  4%         N/A       26%         2
 Sublimation of Blood     Necr           2%         N/A       26%         2
 Call Canine Familiar     Summ           2%         N/A       47%         3
 Summon Guardian Golem    Hex/Summ       2%         N/A       47%         3
 Flame Wave               Conj/Fire      10%        2d6       54%         4
 Animate Dead             Necr           2%         N/A       87%         4


Dungeon Overview and Level Annotations

Branches:
Dungeon (3/15)

Altars:
Elyvilon
Kikubaaqudgha


Innate Abilities, Weirdness & Mutations

You have extremely sharp teeth.
Your natural rate of healing is unusually fast.
When hurt, damage is shared between your health and your magic reserves.
Your bite disrupts and absorbs the magic of your enemies.
Potions cannot restore your health.


Message History

m - a murky puce potion
Found a stone staircase leading down.
There is a stone staircase leading down here.
A sky beast comes into view.
You conjure some foxfire!
Your foxfire dissipates!
Your foxfire dissipates!
The sky beast flickers out of sight!
Deactivating autopickup; reactivate with Ctrl-A.
You conjure some foxfire!
Your foxfire dissipates!
The foxfire hits something.
You conjure some foxfire!
Your foxfire dissipates!
The foxfire hits something but does no damage.
A sky beast appears from thin air!
Reactivating autopickup.
You conjure some foxfire!
The foxfire hits the sky beast.
The sky beast is lightly wounded.
Your foxfire dissipates!
You conjure some foxfire!
Your foxfire dissipates!
The foxfire hits the sky beast but does no damage.
The sky beast is lightly wounded.
The sky beast flickers out of sight!
Deactivating autopickup; reactivate with Ctrl-A.
You conjure some foxfire!
Something hits you. Something shocks you.
The foxfire hits something.
The foxfire hits something but does no damage.
You conjure some foxfire!
Something hits you. Something shocks you.
You hit something but do no damage.
The foxfire hits something. x2
Something hits you. Something shocks you.
* * * LOW HITPOINT WARNING * * *
You closely miss something. Your bite misses something.
Something hits you but does no damage.
You closely miss something. Your bite misses something. Something hits you.
* * * LOW HITPOINT WARNING * * *
Something shocks you.
You die...
Kikubaaqudgha rasps: "You have failed me!
Welcome... death!"

## #...†.....# ..
#.######.## #. #.#
#<...# #.
##.######### #.
#........... #.##
#.########## #..###
#.#
###########...####.#
....$.......@......#
###############....#
.......>####
#########


There were no monsters in sight!

Vanquished Creatures
  An adder (D:2)
  A worm (D:2)
  A dart slug (D:2)
  4 ball pythons
  7 bats
  3 endoplasms
  A giant cockroach (D:2)
  3 goblins
  5 hobgoblins (D:1)
  3 jackals (D:2)
  2 quokkas (D:1)
  2 frilled lizards (D:1)
  8 kobolds
  5 rats
46 creatures vanquished.

Vanquished Creatures (others)
  72 foxfires
72 creatures vanquished.

Grand Total: 118 creatures vanquished

Notes
Turn   | Place    | Note
-------+----------+-------------------------------------------
     0 | D:1      | GigaChad the Vine Stalker Fire Elementalist began the quest
                  | for the Orb.
     0 | D:1      | Reached XP level 1. HP: 9/9 MP: 4/4
   397 | D:1      | Reached XP level 2. HP: 13/13 MP: 4/6
  1042 | D:1      | Reached XP level 3. HP: 16/16 MP: 7/7
  1362 | D:2      | Found a faded altar of an unknown god.
  1376 | D:2      | Prayed at the altar of an unknown god.
  1376 | D:2      | Became a worshipper of Kikubaaqudgha
  1376 | D:2      | Reached * piety under Kikubaaqudgha
  1376 | D:2      | Received a gift from Kikubaaqudgha
  2001 | D:2      | Gained mutation: Your natural rate of healing is unusually
                  | fast. [Vine Stalker growth]
  2001 | D:2      | Reached XP level 4. HP: 19/21 MP: 4/9
  2117 | D:3      | Found a white marble altar of Elyvilon.
  2172 | D:3      | Noticed a sky beast
  2194 | D:3      | Slain by a sky beast

Illustrated notes

Levels and vault maps discovered:
D:1:      lemuel_arrival_behind_the_door_large, layout_basic
D:2:      layout_loops_ring, hellmonk_ecumenical_altar_blasted
D:3:      layout_basic, general_overflow_altar, uniq_robin

Action                     |  1- 3 |  4- 6 || total
---------------------------+-------+-------++-------
  Melee: Unarmed           |     8 |       ||     8
         Bite              |    10 |     1 ||    11
         Falchion          |    57 |     8 ||    65
         Punch             |     1 |       ||     1
   Cast: Foxfire           |    54 |     9 ||    63
    Use: Scroll            |     2 |       ||     2
   Stab: Sleeping          |     1 |       ||     1
 Armour: Robe              |    19 |     5 ||    24
  Dodge: Dodged            |    66 |     8 ||    74
